 Dungeon Crawl Stone Soup version 0.22-a0-441-gcf5b0c6 (webtiles) character file.

19429 StreakElf the Thaumaturge (level 12, -4/59 HPs)
             Began as a Deep Elf Fire Elementalist on May 30, 2018.
             Was a High Priest of Sif Muna.
             Splashed by an oklob plant's acid (16 damage)
             ... on level 3 of the Lair of Beasts on May 31, 2018.
             The game lasted 02:02:37 (21747 turns).

StreakElf the Thaumaturge (DEFE)                   Turns: 21747, Time: 02:02:37

Health: -4/59      AC:  3    Str:  5    XL:     12   Next: 36%
Magic:  25/30      EV: 19    Int: 29    God:    Sif Muna [*****.]
Gold:   698        SH:  7    Dex: 19    Spells: 7/35 levels left

rFire    . . .     SeeInvis +   t - staff of cold
rCold    + + .     Gourm    .   q - +1 buckler "Boelette" {rC+}
rNeg     . . .     Faith    .   d - +0 robe (curse)
rPois    .         Spirit   .   x - +2 helmet {Int+3}
rElec    .         Reflect  .   (no cloak)
rCorr    .         Harm     .   k - +1 pair of gloves of Chill Winds {SInv}
MR       +....                  (no boots)
Stlth    +++.......             (no amulet)
HPRegen  0.19/turn              y - ring of stealth
MPRegen  0.22/turn              N - +4 ring of dexterity

@: corroded
A: no striking features
a: Divine Energy, Channel Magic, Forget Spell, Renounce Religion


You were on level 3 of the Lair of Beasts.
You worshipped Sif Muna.
Sif Muna was extremely pleased with you.
You were not hungry.

You visited 3 branches of the dungeon, and saw 14 of its levels.

You collected 698 gold pieces.

Inventory:

Hand Weapons
 f - a +0 dagger
 s - a +3 flail of protection
 E - a cursed +0 dagger
Missiles
 e - 437 stones (quivered)
 v - a throwing net
Armour
 a - a +1 robe
 d - a cursed +0 robe (worn)
 k - the +1 pair of gloves of Chill Winds (worn) {SInv}
   (You found it on level 10 of the Dungeon)

   It lets you see invisible.
 q - the +1 buckler "Boelette" (worn) {rC+}
   (You found it on level 1 of the Lair of Beasts)

   It protects you from cold.
 x - a +2 helmet of intelligence (worn)
Magical Staves
 t - an uncursed staff of cold (weapon)
Jewellery
 b - an uncursed ring of positive energy
 y - a ring of stealth (left hand)
 I - an uncursed ring of wizardry
 N - a +4 ring of dexterity (right hand)
Wands
 w - a wand of acid (9)
 A - a wand of disintegration (14)
 F - a wand of flame (23)
 G - a wand of enslavement (15)
 O - a wand of random effects (28)
 P - a wand of paralysis (9)
Scrolls
 i - 2 scrolls of remove curse
 l - a scroll of acquirement {unknown}
 n - 5 scrolls of enchant armour
 o - a scroll of identify
 u - 5 scrolls of teleportation
 D - a scroll of immolation
 J - 5 scrolls of fog
Potions
 g - 2 potions of haste
 h - 2 potions of curing
 j - 3 potions of flight
 m - 4 potions of cancellation
 p - 3 potions of mutation
 r - 2 potions of invisibility
 z - a potion of might {unknown}
 B - 2 potions of agility
 C - a potion of magic {unknown}
 H - 2 potions of ambrosia
 K - a potion of lignification
 L - a potion of brilliance {unknown}
Comestibles
 c - 21 rations
 M - a chunk of flesh


   Skills:
 - Level 9.1 Dodging
 - Level 2.4 Stealth
 - Level 4.0 Shields
 + Level 12.1 Spellcasting
 - Level 11.2 Conjurations
 + Level 2.0 Charms
 - Level 3.0 Translocations
 - Level 11.1 Fire Magic
 + Level 5.3 Ice Magic
 + Level 4.8 Air Magic


You had 7 spell levels left.
You knew the following spells:

 Your Spells              Type           Power        Failure   Level  Hunger
a - Flame Tongue          Conj/Fire      #####        1%          1    None
b - Conjure Flame         Conj/Fire      ######..     1%          3    None
c - Sticky Flame          Conj/Fire      ######..     1%          4    None
d - Fireball              Conj/Fire      ######....   1%          5    ##.....
e - Freezing Cloud        Conj/Ice/Air   ######....   24%         6    ####...
p - Blink                 Tloc           N/A          1%          2    None
v - Iskenderun's Battles  Conj/Chrm      ######..     5%          5    ##.....
y - Swiftness             Chrm/Air       #####...     1%          2    None

Your spell library contained the following spells:

 Spells                   Type           Power        Failure   Level  Hunger
 Magic Dart               Conj           ####         1%          1    None
 Apportation              Tloc           #####.       1%          1    None
 Bolt of Fire             Conj/Fire      ######....   4%          6    ####...
 Bolt of Magma            Conj/Fire/Erth ######....   3%          5    ##.....
 Slow                     Hex            ###.....     4%          2    None
 Throw Flame              Conj/Fire      ######       1%          2    None
 Mephitic Cloud           Conj/Pois/Air  #####...     1%          3    None
 Ring of Flames           Chrm/Fire      ######....   86%         7    ######.
 Venom Bolt               Conj/Pois      ######....   9%          5    ##.....
 Summon Small Mammal      Summ           ###.         3%          1    None
 Animate Skeleton         Necr           N/A          3%          1    None
 Call Imp                 Summ           ###.....     4%          2    None
 Iron Shot                Conj/Erth      ######....   43%         6    ####...
 Shock                    Conj/Air       ####         1%          1    None
 Agony                    Necr           ###.....     63%         5    ##.....
 Confusing Touch          Hex            ###...       3%          1    None
 Ignite Poison            Fire/Tmut/Pois #####...     1%          3    None
 Static Discharge         Conj/Air       ######..     1%          3    None
 Simulacrum               Ice/Necr       #####.....   83%         6    ####...
 Orb of Destruction       Conj           ######....   26%         7    ######.
 Tornado                  Air            #####.....   100%        9    #######
 Inner Flame              Hex/Fire       #####...     1%          3    None
 Spellforged Servitor     Conj/Summ      ######....   95%         7    ######.
 Poisonous Vapours        Pois/Air       ####..       1%          2    None
 Ignition                 Fire           ######....   90%         8    #######


Dungeon Overview and Level Annotations

Branches:
Dungeon (10/15)            Temple (1/1) D:7            Lair (3/6) D:9
    Orc (0/2) D:10
  Swamp: Lair:2-4    Shoals: Lair:2-4     Snake: Lair:2-4    Spider: Lair:2-4

Altars:
Ashenzari
Cheibriados
Dithmenos
Elyvilon
Fedhas
Gozag
Hepliaklqana
Kikubaaqudgha
Makhleb
Nemelex Xobeh
Okawaru
Qazlal
Ru
Sif Muna
Trog
Uskayaw
Vehumet
Wu Jian
Xom
Yredelemnul
Zin
The Shining One

Shops:
D:10 }

Annotations:
D:4 iishen's ghost, amateur CeGl
Lair:3 exclusion: 2 oklob plants


Message History

You open the door.
There is an open door here.
Casting: Fireball (safe; 1% risk of failure)
Confirm with . or Enter, or press ? or * to list all spells.
Aiming: Fireball (safe; 1% risk of failure)
Press: ? - help, Shift-Dir - straight line The fireball explodes!
The fireball engulfs the oklob plant.
The oklob plant is moderately damaged.
The fireball engulfs the oklob plant.
The oklob plant is moderately damaged.
The oklob plant spits acid at you. The splash of acid hits you!
You are splashed with acid!
The acid burns!
The oklob plant spits acid at you. The splash of acid hits you!
The acid corrodes you!
You are splashed with acid!
The acid burns!
The oklob plant spits acid at you. The splash of acid hits you!
* * * LOW HITPOINT WARNING * * *
You are splashed with acid!
The acid burns!
You die...

#### PP.###### ### ######
...##.#.####P.#
###.#..#####[$$##.......... #
#....[....<#...###.........
#######..........†....##.........
##...#P..........#....##.........
#.....'.........@'.....#.........
......#...........##...+.........
#######..........## ..##....<....
#...........# ###.†.......
##..###'##### #..+##...# # ####
#.### ##..# #### # #...# ##..## #
#.##.## ##....# # ### #..#
####....##


You could see an oklob plant.

Vanquished Creatures
  A hydra (Lair:2)
  The ghost of jackcabral90 the Transmogrifier, a journeyman DsTm of Xom (Lair:1)
  3 two-headed ogres
  An unseen horror (D:10)
  2 elephants (Lair:2)
  A black mamba (Lair:1)
  3 spiny frogs
  A rime drake (Lair:2)
  2 komodo dragons
  A queen bee (Lair:2)
  Prince Ribbit (D:6)
  A blink frog (Lair:2)
  5 hippogriffs
  Sigmund (D:4)
  9 yaks
  5 basilisks
  3 steam dragons
  A hungry ghost (D:9)
  7 swamp worms (Lair:1)
  7 porcupines
  8 water moccasins
  A swamp drake (D:10)
  4 ice beasts
  2 sky beasts (D:5)
  An eye of draining (D:10)
  6 necrophages (D:9)
  4 orc warriors
  2 ogres
  A phantom (D:8)
  A wolf (Lair:2)
  3 centaurs
  6 crocodiles
  Blork the orc (D:4)
  A big kobold (D:10)
  11 bullfrogs
  5 scorpions
  28 killer bees (Lair:2)
  7 howler monkeys
  4 wights (D:8)
  3 crimson imps
  A bullfrog zombie (D:7)
  A bullfrog skeleton (D:10)
  2 hounds (D:8)
  4 jellies
  6 orc priests
  A centaur skeleton (D:9)
  4 iguanas
  3 orc wizards
  6 worker ants
  A killer bee zombie (D:7)
  A hound zombie (D:6)
  A howler monkey zombie (D:8)
  3 gnolls (D:7)
  14 adders
  A river rat (Lair:2)
  A shadow imp (D:6)
  3 oozes
  An adder skeleton (D:4)
  2 worms
  4 dart slugs
  6 leopard geckos
  29 orcs
  6 giant cockroaches
  6 goblins
  8 hobgoblins
  12 jackals
  7 quokkas
  A ball python (D:1)
  5 bats
  5 frilled lizards
  A jackal zombie (D:5)
  8 kobolds
  A leopard gecko skeleton (D:6)
  A quokka skeleton (D:7)
  6 rats (D:1)
  A bush (D:9)
  2 plants (Lair:3)
320 creatures vanquished.

Vanquished Creatures (others)
  10 plants
10 creatures vanquished.

Grand Total: 330 creatures vanquished

Notes
Turn   | Place    | Note
-------+----------+-------------------------------------------
     0 | D:1      | StreakElf the Deep Elf Fire Elementalist began the quest for the Orb.
     0 | D:1      | Reached XP level 1. HP: 10/10 MP: 6/6
   326 | D:1      | Reached XP level 2. HP: 15/15 MP: 6/8
   973 | D:1      | Reached XP level 3. HP: 19/19 MP: 7/9
  1457 | D:1      | Learned a level 3 spell: Conjure Flame
  2643 | D:2      | Reached XP level 4. HP: 24/24 MP: 7/10
  3828 | D:3      | Learned a level 4 spell: Sticky Flame
  3865 | D:3      | Reached XP level 5. HP: 28/28 MP: 9/11
  4220 | D:3      | Learned a level 2 spell: Blink
  4295 | D:4      | Noticed Blork the orc
  4358 | D:3      | Reached skill level 1 in Translocations
  4389 | D:4      | Noticed an ogre
  4396 | D:4      | Killed an ogre
  4396 | D:4      | Reached skill level 1 in Shields
  4396 | D:4      | Reached XP level 6. HP: 32/32 MP: 4/13
  4549 | D:4      | Noticed Sigmund
  4562 | D:4      | Killed Sigmund
  4562 | D:4      | Reached skill level 4 in Spellcasting
  4669 | D:4      | Killed Blork the orc
  4669 | D:4      | Reached XP level 7. HP: 34/36 MP: 8/16
  4748 | D:4      | Noticed iishen's ghost (amateur CeGl)
  4822 | D:4      | Reached skill level 5 in Spellcasting
  4880 | D:4      | Noticed a hippogriff
  4902 | D:4      | Killed a hippogriff
  4902 | D:4      | Reached skill level 5 in Dodging
  5163 | D:4      | Found a shattered altar of Ashenzari.
  5164 | D:4      | Found an iron altar of Okawaru.
  5164 | D:4      | Found a hide-covered altar of Uskayaw.
  5451 | D:5      | Entered Level 5 of the Dungeon
  5520 | D:5      | You fall through a shaft!
  5705 | D:5      | Reached skill level 5 in Conjurations
  6153 | D:5      | Reached skill level 5 in Fire Magic
  6153 | D:5      | Reached XP level 8. HP: 22/41 MP: 11/17
  7179 | D:6      | Reached skill level 6 in Spellcasting
  7359 | D:6      | Noticed Prince Ribbit
  7483 | D:6      | Killed Prince Ribbit
  7483 | D:6      | Reached skill level 7 in Spellcasting
  7867 | D:6      | Reached XP level 9. HP: 23/45 MP: 11/22
  8345 | D:7      | Reached skill level 8 in Spellcasting
  8968 | D:7      | Found a staircase to the Ecumenical Temple.
  8974 | Temple   | Entered the Ecumenical Temple
  9100 | Temple   | Became a worshipper of Sif Muna the Loreminder
  9725 | D:7      | Reached skill level 9 in Spellcasting
 10384 | D:8      | Learned a level 5 spell: Fireball
 10508 | D:8      | Noticed a two-headed ogre
 10518 | D:8      | Killed a two-headed ogre
 10518 | D:8      | Reached * piety under Sif Muna
 10518 | D:8      | Reached skill level 10 in Spellcasting
 11124 | D:8      | Reached XP level 10. HP: 50/50 MP: 20/26
 12145 | D:9      | Found a blossoming altar of Fedhas.
 12165 | D:9      | Found a radiant altar of Vehumet.
 12275 | D:9      | Reached ** piety under Sif Muna
 12656 | D:9      | Noticed a two-headed ogre
 12686 | D:9      | Killed a two-headed ogre
 12915 | D:9      | Found a staircase to the Lair.
 12968 | D:9      | Noticed a two-headed ogre
 13036 | D:9      | Killed a two-headed ogre
 13036 | D:9      | Reached skill level 10 in Conjurations
 13036 | D:9      | Reached skill level 10 in Fire Magic
 13356 | D:9      | Found a hazy altar of Hepliaklqana.
 13359 | D:9      | Reached *** piety under Sif Muna
 13545 | D:10     | Entered Level 10 of the Dungeon
 13631 | D:10     | Got a pair of scorched gloves
 13704 | D:10     | Found Qoel's Gadget Shop.
 13744 | D:10     | Noticed an unseen horror
 13751 | D:10     | Killed an unseen horror
 14233 | D:10     | Reached XP level 11. HP: 54/54 MP: 8/27
 14569 | D:10     | Found a basalt altar of Yredelemnul.
 15118 | D:10     | Found a staircase to the Orcish Mines.
 15523 | D:10     | Identified the +1 pair of gloves of Chill Winds {SInv} (You found it on level 10 of the Dungeon)
 15597 | Lair:1   | Entered Level 1 of the Lair of Beasts
 15806 | Lair:1   | Noticed jackcabral90's ghost (journeyman DsTm)
 15899 | Lair:1   | Got a scorched buckler
 15976 | Lair:1   | Killed jackcabral90's ghost
 16751 | Lair:1   | Reached skill level 11 in Spellcasting
 16876 | Lair:1   | Identified the +1 buckler "Boelette" {rC+} (You found it on level 1 of the Lair of Beasts)
 17123 | Lair:1   | Reached **** piety under Sif Muna
 17840 | Lair:1   | Learned a level 6 spell: Freezing Cloud
 18208 | Lair:2   | Reached skill level 1 in Ice Magic
 18308 | Lair:2   | Reached skill level 1 in Air Magic
 19333 | Lair:2   | Noticed a six-headed hydra
 19337 | Lair:2   | Killed a six-headed hydra
 19759 | Lair:2   | Reached XP level 12. HP: 55/59 MP: 22/29
 20220 | Lair:2   | Reached skill level 12 in Spellcasting
 20689 | Lair:2   | Reached ***** piety under Sif Muna
 21193 | Lair:2   | Identified Sif Muna's Catalogue of Sinister Feathers (Sif Muna gifted it to you on level 2 of the Lair of Beasts)
 21193 | Lair:2   | Received a gift from Sif Muna
 21193 | Lair:2   | Reached skill level 5 in Ice Magic
 21198 | Lair:2   | Learned a level 2 spell: Swiftness
 21204 | Lair:2   | Learned a level 5 spell: Iskenderun's Battlesphere
 21340 | Lair:3   | Reached skill level 1 in Charms
 21747 | Lair:3   | Splashed by an oklob plant's acid

Vault maps used:
D:1:      wheals_arrival_linesprint, amethyst_killhole,
          minmay_misc_feat_nine_boxes
D:4:      gammafunk_temple_overflow_claw, first_ration, uniq_sigmund,
          uniq_blork_the_orc
D:6:      uniq_prince_ribbit1
D:7:      minmay_temple_entry_fiery, minmay_splitting_lines
D:9:      kennysheep_mini_moat, fedhas_altar_decomposition, lemuel_round_altar,
          dpeg_oklobed_lair
D:10:     erik_orc_1, serial_shops, nicolae_shop_waterfront, grunt_ministairs_9,
          blue_anna_alchemist, yredelemnul_altar_generic
Temple:   nicolae_temple_elliptical
Lair:1:   worms_lemuel
Lair:2:   regret_index_bee_streams
Lair:3:   cheibrodos_lair_reptile_den, grunt_megastairs_1,
          minmay_lair_oklob_chamber, uniq_rupert

Skill      XL: |  1  2  3  4  5  6  7  8  9 10 11 12 |
---------------+-------------------------------------+-----
Conjurations   | 2 3 4 5 6 8 10 11 | 11.2
Fire Magic     | 4 5 6 7 10 11 | 11.1
Translocations | 1 3 |  3.0
Dodging        | 3 4 5 9 |  9.1
Shields        | 1 2 3 4 |  4.0
Spellcasting   | 4 5 7 10 11 12 | 12.1
Ice Magic      | 3 5 |  5.3
Air Magic      | 2 4 |  4.8
Charms         | 2 |  2.0
Stealth        | |  2.4

Action                   |  1- 3 |  4- 6 |  7- 9 | 10-12 || total
-------------------------+-------+-------+-------+-------++-------
Melee: Dagger            |    23 |       |       |       ||    23
       Flail             |       |       |    86 |    25 ||   111
Throw: Stone             |    59 |    21 |    27 |    19 ||   126
 Cast: Flame Tongue      |    69 |    69 |   231 |   387 ||   756
       Conjure Flame     |     1 |     4 |    10 |    18 ||    33
       Sticky Flame      |       |     5 |    18 |    85 ||   108
       Fireball          |       |       |       |    39 ||    39
       Iskenderun's Batt |       |       |       |     1 ||     1
  Use: Scroll            |       |     8 |     8 |     8 ||    24
       Potion            |       |       |       |     4 ||     4
  Eat: Chunk             |     1 |     8 |    18 |    23 ||    50
       Ration            |     1 |       |     1 |     4 ||     6
Armor: Robe              |    10 |     5 |    38 |    14 ||    67
       Skin              |       |       |       |     7 ||     7
Dodge: Dodged            |    34 |    18 |   101 |    86 ||   239
Block: Buckler           |       |       |    35 |    29 ||    64

Table legend:
 A = Spawn XP
 B = Non-spawn XP
 C = Spawn XP percentage of total XP
 D = Spawn monster count
 E = Non-spawn monster count
 F = Spawn count percentage of total count
 G = Total turns spent on level
                    A         B        C        D         E        F      G
               +---------+---------+-------+---------+---------+-------+---------
         Total |       0 |   27757 |   0.0 |       0 |     317 |   0.0 | 21747
               +---------+---------+-------+---------+---------+-------+---------
           D:1 |       0 |      60 |   0.0 |       0 |      31 |   0.0 |  1439
           D:2 |       0 |      45 |   0.0 |       0 |      13 |   0.0 |  1472
           D:3 |       0 |     208 |   0.0 |       0 |      29 |   0.0 |  1574
           D:4 |       0 |     827 |   0.0 |       0 |      13 |   0.0 |   966
           D:5 |       0 |     662 |   0.0 |       0 |      17 |   0.0 |  1587
           D:6 |       0 |    1362 |   0.0 |       0 |      21 |   0.0 |  1399
           D:7 |       0 |     922 |   0.0 |       0 |      22 |   0.0 |  1727
           D:8 |       0 |    2294 |   0.0 |       0 |      30 |   0.0 |  1598
           D:9 |       0 |    3146 |   0.0 |       0 |      21 |   0.0 |  1841
          D:10 |       0 |    2909 |   0.0 |       0 |      31 |   0.0 |  2004
        Lair:1 |       0 |    4812 |   0.0 |       0 |      21 |   0.0 |  2518
        Lair:2 |       0 |    9157 |   0.0 |       0 |      60 |   0.0 |  3051
        Lair:3 |       0 |    1353 |   0.0 |       0 |       8 |   0.0 |   421
               +---------+---------+-------+---------+---------+-------+---------
